 Dungeon Crawl Stone Soup version 0.30-a0-614-ge5ea1257c2 (webtiles) character file.

Game seed: 15533352375905241849

450 Ijustatesigmund the Firebug (level 7, -2/54 HPs)
             Began as a Barachi Fire Elementalist on Jan 2, 2023.
             Slain by an iron imp (4 damage)
             ... summoned by Eustachio
             ... on level 3 of the Dungeon on Jan 9, 2023.
             The game lasted 00:07:19 (3186 turns).

Ijustatesigmund the Firebug (BaFE)                  Turns: 3186, Time: 00:07:20

Health: -2/54      AC:  4    Str: 11    XL:     7   Next: 4%
Magic:  1/10       EV: 12    Int: 15    God:
Gold:   178        SH:  0    Dex: 13    Spells: 7/10 levels left

rFire   . . .      SeeInvis .    g - +0 great sword
rCold   . . .      Faith    .    (shield currently unavailable)
rNeg    . . .      Spirit   .    a - +0 robe
rPois   .          Reflect  .    i - +2 hat
rElec   .          Harm     .    (no cloak)
rCorr   .          Rampage  .    (no gloves)
Will    .....                    (no boots)
Stlth   ++                       (no amulet)
HPRegen 0.29/turn                (no ring)
MPRegen 0.12/turn                (no ring)

@: attractive, slow
A: amphibious, slowness 1, strong legs 1, +LOS
a: Hop


You were on level 3 of the Dungeon.
You visited 1 branch of the dungeon, and saw 4 of its levels.

You collected 178 gold pieces.

Inventory:

Hand Weapons
 c - a +1 short sword of speed
 e - a +2 sling of draining
 g - a +0 great sword (weapon)
Armour
 a - a +0 robe (worn)
 i - a +2 hat (worn)
Scrolls
 k - 2 scrolls of identify
 l - 2 scrolls of teleportation {unknown}
 m - 2 scrolls of magic mapping {unknown}
 n - 2 scrolls of blinking
 o - a scroll of fog {unknown}
 p - a scroll of acquirement {unknown}
 q - a scroll of enchant armour {unknown}
Potions
 b - a potion of magic
 d - a potion of attraction
 f - a potion of might {unknown}
 h - a potion of resistance {unknown}
 j - a potion of invisibility {unknown}


   Skills:
 + Level 4.2 Fighting
 + Level 3.1 Long Blades
 - Level 2.1 Dodging
 - Level 1.7 Stealth
 - Level 2.1 Spellcasting
 + Level 4.0 Conjurations
 + Level 5.2 Fire Magic


You had 7 spell levels left.
You knew the following spells:

 Your Spells              Type           Power      Damage    Failure   Level
a - Foxfire               Conj/Fire      60%        2x1d7     3%          1
b - Scorch                Fire           34%        2d6       3%          2

Your spell library contained the following spells:

 Spells                   Type           Power      Damage    Failure   Level
 Sandblast                Erth           2%         2d4       22%         1
 Inner Flame              Hex/Fire       9%         N/A       22%         3
 Cigotuvi's Dreadful Rot  Necr/Pois/Air  2%         N/A       32%         2
 Kindle Blastsparks       Fire/Tloc/Air  12%        2d11      32%         3
 Flame Wave               Conj/Fire      15%        2d7       32%         4
 Dispel Undead            Necr           1%         3d6       91%         4
 Leda's Liquefaction      Hex/Erth       0%         N/A       91%         4
 Lee's Rapid Deconstruct  Erth           0%         3d4*      99%         5
 Death Channel            Necr           0%         N/A       100%        6
 Eringya's Noxious Bog    Tmut/Pois      0%         N/A       100%        6


Dungeon Overview and Level Annotations

Branches:
Dungeon (4/15)
 Temple: D:4-7

Altars:
Makhleb
Sif Muna

Annotations:
D:3 Eustachio


Innate Abilities, Weirdness & Mutations

You are amphibious.
You cover ground slowly.
You can hop short distances.
You have an extended range of vision and can be seen from far away.


Message History

Confirm with . or Enter, or press ? or * to list all spells.
Flames lash Eustachio.
Eustachio is heavily wounded.
Eustachio's fire resistance burns away.
Eustachio hits you with a +0 rapier. Eustachio closely misses you.
Casting: Scorch (safe; 3% risk of failure)
Confirm with . or Enter, or press ? or * to list all spells.
Flames lash Eustachio.
Eustachio is burned terribly!
Eustachio is severely wounded.
Eustachio casts a spell.
Eustachio blinks!
Casting: Scorch (safe; 3% risk of failure)
Confirm with . or Enter, or press ? or * to list all spells.
Flames lash Eustachio.
Eustachio is burned terribly!
Eustachio is almost dead.
Eustachio casts a spell.
Eustachio zaps a wand.
The puff of flame misses you.
You aren't carrying any items that you can evoke.
Eustachio says, "Summoning is fun!"
Eustachio hits you with a +0 rapier.
You see here a +0 ring mail.
You closely miss Eustachio.
Eustachio is almost dead.
Eustachio casts a spell.
The rat bites you but does no damage.
Eustachio utters an oath, "I will die for my friends!"
Eustachio hits you with a +0 rapier.
You miss Eustachio.
Eustachio is almost dead.
The rat bites you but does no damage.
Eustachio zaps a wand.
The puff of flame hits you!
* * * LOW HITPOINT WARNING * * *
The crimson imp barely misses you. The rat misses you. The iron imp hits you.
* * * LOW HITPOINT WARNING * * *
It was a potion of attraction.
You feel attractive to monsters.
Eustachio mumbles some strange words.
Eustachio blinks!
The crimson imp misses you. The rat bites you but does no damage.
The iron imp hits you.
You die...

#...# ######## #... #...#
#......### #.#. #...#########
#........## #.#. #.......#.).##
#.....##..####.#.
#............###.....###......#.
###...........######..###.......
#....)......######...#........
#............5>...............
##.........#.@#####...........
##...#.....55r.....#........#
#####..#####..........>.....
##....##.#........[.....
####.##................
#.####.....#.......# #.#
##.#........... #.##
#...##........
#..####...##.##.....


You could see an iron imp (summoned), a crimson imp (summoned), a shadow imp
(summoned) and a rat (summoned).

Vanquished Creatures
  Sigmund (D:4)
  2 scorpions
  A hound (D:4)
  An iguana (D:4)
  7 adders
  2 dart slugs
  3 orcs
  A bat (D:1)
  2 endoplasms (D:1)
  2 giant cockroaches (D:3)
  5 goblins
  8 hobgoblins
  11 kobolds
  A quokka (D:4)
  3 ball pythons
  5 frilled lizards
  8 rats
63 creatures vanquished.

Vanquished Creatures (others)
  117 foxfires
117 creatures vanquished.

Grand Total: 180 creatures vanquished

Notes
Turn   | Place    | Note
-------+----------+-------------------------------------------
     0 | D:1      | Ijustatesigmund the Barachi Fire Elementalist began the
                  | quest for the Orb.
     0 | D:1      | Reached XP level 1. HP: 13/13 MP: 3/3
   216 | D:1      | Reached XP level 2. HP: 20/20 MP: 3/5
   219 | D:1      | Learned a level 2 spell: Scorch
   241 | D:1      | Reached skill level 1 in Fighting
   925 | D:2      | Reached XP level 3. HP: 27/27 MP: 1/6
  1390 | D:2      | Reached skill level 4 in Fire Magic
  1460 | D:2      | Reached XP level 4. HP: 27/34 MP: 2/7
  1706 | D:3      | Noticed a scorpion
  1727 | D:3      | Killed a scorpion
  1728 | D:3      | Reached skill level 1 in Long Blades
  1728 | D:3      | Reached XP level 5. HP: 23/40 MP: 1/8
  1972 | D:3      | Upgraded the game from 0.30-a0-585-g93115170b9 to
                  | 0.30-a0-614-ge5ea1257c2
  2229 | D:3      | Got Cumaop's Elucidation of Virulence and the Quake
  2404 | D:4      | Noticed Sigmund
  2460 | D:4      | Killed Sigmund
  2461 | D:4      | Reached XP level 6. HP: 30/48 MP: 2/9
  2554 | D:4      | Reached skill level 5 in Fire Magic
  2675 | D:4      | Found a burning altar of Makhleb.
  2675 | D:4      | Found a shimmering blue altar of Sif Muna.
  2737 | D:4      | Reached XP level 7. HP: 20/54 MP: 2/10
  2907 | D:4      | Noticed Eustachio
  3185 | D:3      | HP: 2/54 [iron imp[Eustachio] (5)]
  3186 | D:3      | Slain by an iron imp

Illustrated notes

Levels and vault maps discovered:
D:1:      scummos_arrival_simple_crosswalls, layout_loops_ring
D:2:      layout_basic
D:3:      layout_rooms
D:4:      layout_rooms, mainiacjoe_overflow_catwalk_spiral,
          general_overflow_altar, minmay_snake_closets, uniq_sigmund,
          uniq_eustachio, uniq_grinder

Skill      XL: |  1  2  3  4  5  6 |
---------------+-------------------+-----
Fighting       | 1 2 3 4 |  4.2
Conjurations   | 2 3 4 |  4.0
Fire Magic     | 4 5 |  5.2
Long Blades    | 1 2 3 |  3.1
Dodging        | |  2.1
Stealth        | |  1.7
Spellcasting   | |  2.1

Action                   |  1- 3 |  4- 6 |  7- 9 || total
-------------------------+-------+-------+-------++-------
Melee: Unarmed           |     1 |       |       ||     1
       Short sword       |    15 |    14 |       ||    29
       Dagger            |     2 |       |       ||     2
       Punch             |     1 |       |       ||     1
       Great sword       |       |    24 |    15 ||    39
 Cast: Foxfire           |    43 |    28 |     2 ||    73
       Scorch            |     5 |    15 |    13 ||    33
  Use: Scroll            |     3 |       |       ||     3
       Potion            |       |     1 |     1 ||     2
Armor: Robe              |     6 |    15 |    19 ||    40
Dodge: Dodged            |    13 |    55 |    33 ||   101

Table legend: (Time is in decaauts)
 A = Elapsed time spent in this place.
 B = Non-inter-level travel time spent in this place.
 C = Inter-level travel time spent in this place.
 D = Time resting spent in this place.
 E = Time spent auto-exploring this place.
 F = Levels seen in this place.
 G = Mean time per level.
                   A        B        C        D        E       F      G
               +--------+--------+--------+--------+--------+-----+--------+
         Total |   3491 |   3435 |     56 |    868 |   1894 |   4 |  872.8 |
       Dungeon |   3491 |   3435 |     56 |    868 |   1894 |   4 |  872.8 |
               +--------+--------+--------+--------+--------+-----+--------+

Top non-repeatable levels by time:
     D:3: 1368 daAuts
     D:1: 1020 daAuts
     D:2: 775 daAuts
     D:4: 327 daAuts
